 Dungeon Crawl Stone Soup version 0.30-a0-585-g93115170b9 (webtiles) character file.

Game seed: 7597095949012860549

108 Angani the Poker (level 4, 0/40 HPs)
             Began as a Draconian Reaver on Jan 1, 2023.
             Was a Believer of Elyvilon.
             Succumbed to Terence's poison
             ... on level 2 of the Dungeon.
             The game lasted 00:06:47 (2108 turns).

Angani the Poker (Draconian Reaver)                 Turns: 2108, Time: 00:06:48

Health: 0/40       AC:  5    Str: 14    XL:     4   Next: 58%
Magic:  1/7        EV: 17    Int: 15    God:    Elyvilon [**....]
Gold:   91         SH:  0    Dex: 10    Spells: 6/7 levels left

rFire   . . .      SeeInvis .    a - +0 spear
rCold   . . .      Faith    .    (no shield)
rNeg    . . .      Spirit   +    (body armour unavailable)
rPois   .          Reflect  .    (helmet restricted)
rElec   .          Harm     .    (no cloak)
rCorr   .          Rampage  .    (no gloves)
Will    .....                    (no boots)
Stlth   +                        i - amulet of guardian spirit
HPRegen 0.26/turn                h - +5 ring of evasion
MPRegen 0.10/turn                (no ring)

@: lethally poisoned (0 -> -19)
A: AC +5, unfitting armour, cold-blooded
a: Renounce Religion, Purification, Heal Other


You were on level 2 of the Dungeon.
You worshipped Elyvilon.
Elyvilon was pleased with you.
You visited 1 branch of the dungeon, and saw 2 of its levels.

You collected 91 gold pieces.

Inventory:

Hand Weapons
 a - a +0 spear (weapon)
Jewellery
 h - a +5 ring of evasion (left hand)
 i - an amulet of guardian spirit (around neck)
Scrolls
 e - a scroll of vulnerability
 j - 2 scrolls of immolation {unknown}
 k - a scroll of amnesia {unknown}
Potions
 c - a potion of heal wounds
 d - a potion of curing
 g - 2 potions of flight


   Skills:
 + Level 3.7 Fighting
 + Level 4.0 Polearms
 - Level 1.7 Dodging
 - Level 2.0 Spellcasting
 - Level 3.0 Conjurations
 + Level 2.0 Invocations


You had 6 spell levels left.
You knew the following spells:

 Your Spells              Type           Power      Damage    Failure   Level
a - Kiss of Death         Conj/Necr      24%        2d7       12%         1

Your spell library contained the following spells:

 Spells                   Type           Power      Damage    Failure   Level
 Momentum Strike          Conj/Tloc      12%        3d8       19%         2
 Hailstorm                Conj/Ice       6%         3d4       34%         3


Dungeon Overview and Level Annotations

Branches:
Dungeon (2/15)

Altars:
Elyvilon

Shops:
D:1 :

Annotations:
D:2 Terence


Innate Abilities, Weirdness & Mutations

Your plain brown scales are hard. (AC +5)
You cannot fit into any form of body armour.
You are cold-blooded and may be slowed by cold attacks.


Message History

You are too injured to fight recklessly!
You are too injured to fight recklessly!
Reach: a) +0 spear
Press: ? - help, Dir - move target, f/p - Terence
Aim: Terence, wielding a +1 trident of venom and wearing a +0 scale mail (moderately wounded, about 35% to evade your +0 spear)
You reach to attack!
You hit Terence.
Terence is moderately wounded.
Terence closely misses you.
Reach: a) +0 spear
Press: ? - help, Dir - move target, f/p - Terence
Aim: Terence, wielding a +1 trident of venom and wearing a +0 scale mail (moderately wounded, about 35% to evade your +0 spear)
You reach to attack!
You hit Terence but do no damage.
Terence is moderately wounded.
Terence hits you from afar with a +1 trident of venom.
You are poisoned.
Reach: a) +0 spear
Press: ? - help, Dir - move target, f/p - Terence
Aim: Terence, wielding a +1 trident of venom and wearing a +0 scale mail (moderately wounded, about 35% to evade your +0 spear)
You reach to attack!
You closely miss Terence.
Terence is moderately wounded.
* * * LOW HITPOINT WARNING * * *
You feel very sick. Terence misses you.
Reach: a) +0 spear
Press: ? - help, Dir - move target, f/p - Terence
Aim: Terence, wielding a +1 trident of venom and wearing a +0 scale mail (moderately wounded, about 35% to evade your +0 spear)
You reach to attack!
You hit Terence but do no damage.
Terence is moderately wounded.
You feel sick.
Terence hits you from afar with a +1 trident of venom.
* * * LOW HITPOINT WARNING * * *
You are more poisoned.
Unknown command.
Unknown command.
Reach: a) +0 spear
Press: ? - help, Dir - move target, f/p - Terence
Aim: Terence, wielding a +1 trident of venom and wearing a +0 scale mail (moderately wounded, about 35% to evade your +0 spear)
You reach to attack!
You hit Terence.
Terence is heavily wounded.
You die...

#...# #.....##.#
#.####.#####
#.#.###)#.#.##.#
#......#
......†##.#@##.##
######.##
#.#..####.......#
#...# ...#)#
#######.# #...#
..##)# #.# #...#
####.###### #@#
#...####
####......# #.##
######.......
..........##
#.@####............
#####......#
##.................
#......#
#.####............
#......# #.#
######.......
######.# #.##
#...#### #.#####..#
#...# #.....)..#
###...###
########.#
#.......# ###
##.######.##.##.#


You could see Terence.

Vanquished Creatures
  Robin (D:2)
  3 adders (D:2)
  2 worms (D:2)
  3 dart slugs
  2 ball pythons
  6 bats
  3 endoplasms (D:1)
  8 giant cockroaches
  10 goblins
  7 hobgoblins
  A quokka (D:1)
  2 frilled lizards
  5 kobolds
  2 rats (D:1)
55 creatures vanquished.

Notes
Turn   | Place    | Note
-------+----------+-------------------------------------------
     0 | D:1      | Angani the Draconian Reaver began the quest for the Orb.
     0 | D:1      | Reached XP level 1. HP: 17/17 MP: 3/3
   139 | D:1      | Reached XP level 2. HP: 17/25 MP: 5/5
   479 | D:1      | Found a faded altar of an unknown god.
   479 | D:1      | Noticed a hellion
   488 | D:1      | Prayed at the altar of an unknown god.
   488 | D:1      | Became a worshipper of Elyvilon the Healer
   488 | D:1      | Reached * piety under Elyvilon
   611 | D:1      | Reached XP level 3. HP: 31/31 MP: 6/6
   927 | D:1      | Found Sidil's Book Shoppe.
  1114 | D:2      | Reached skill level 1 in Invocations
  1444 | D:2      | Reached XP level 4. HP: 38/38 MP: 7/7
  1489 | D:2      | Reached ** piety under Elyvilon
  1654 | D:2      | Noticed Robin
  1681 | D:2      | Killed Robin
  1682 | D:2      | Reached skill level 4 in Polearms
  1828 | D:2      | Noticed Terence
  2108 | D:2      | Succumbed to Terence's poison

Illustrated notes

Levels and vault maps discovered:
D:1:      dpeg_arrival_refuge, layout_loops_corners, serial_shops, shop,
          dreamdust_ecumenical_altar_sealed_demon, minmay_worlds_worst_comb
D:2:      layout_loops_cross, uniq_robin, uniq_terence

Skill      XL: |  1  2  3  4 |
---------------+-------------+-----
Fighting       | 3 |  3.7
Invocations    | 1 2 |  2.0
Polearms       | 4 |  4.0
Dodging        | |  1.7
Spellcasting   | |  2.0
Conjurations   | |  3.0

Action                   |  1- 3 |  4- 6 || total
-------------------------+-------+-------++-------
Melee: Spear             |   187 |    85 ||   272
       Tailslap          |    12 |     9 ||    21
       Punch             |     1 |     1 ||     2
Invok: Purification      |       |     2 ||     2
  Use: Potion            |     1 |       ||     1
       Scroll            |       |     5 ||     5
 Stab: Sleeping          |     4 |       ||     4
Armor: Skin              |    43 |    17 ||    60
Dodge: Dodged            |    88 |    38 ||   126

Table legend: (Time is in decaauts)
 A = Elapsed time spent in this place.
 B = Non-inter-level travel time spent in this place.
 C = Inter-level travel time spent in this place.
 D = Time resting spent in this place.
 E = Time spent auto-exploring this place.
 F = Levels seen in this place.
 G = Mean time per level.
                   A        B        C        D        E       F      G
               +--------+--------+--------+--------+--------+-----+--------+
         Total |   2084 |   2061 |     23 |    366 |   1242 |   2 | 1042.0 |
       Dungeon |   2084 |   2061 |     23 |    366 |   1242 |   2 | 1042.0 |
               +--------+--------+--------+--------+--------+-----+--------+

Top non-repeatable levels by time:
     D:1: 1051 daAuts
     D:2: 1033 daAuts
